Map: Berlingrad LE

Players

HORSES - Winner!

  • Race: Zerg Zerg

couchman

  • Race: Terran Terran

VOD

Have the link to the VOD?

Description

Time

  • Played on: Dec. 11, 2021, 9:21 p.m.
  • Length: 15:19
Show
View Real Time Build Order
Export as new Build Order

HORSES Zerg - Winner!

Build Orders: Pool First 

Get SALT Encoding   

  12  0:06  Drone  
  13  0:13  Overlord  
  13  0:20  Drone  
  14  0:31  Overlord  
  14  0:36  Drone  
  14  0:40  Drone  
  16  0:52  Spawning Pool  
  16  0:54  Drone  
  16  1:05  Drone  
  17  1:21  Hatchery  
  17  1:25  Drone  
  17  1:28  Drone  
  18  1:34  Extractor  
  18  1:39  Queen, Extractor  
  16  1:44  Drone  
  19  1:50  Drone  
  20  2:00  Drone  
  21  2:11  Zergling x2  
  21  2:15  Queen  
  22  2:16  Drone  
  25  2:33  Drone  
  26  2:39  Drone  
  26  2:42  Overlord  
  27  2:51  Queen  
  27  2:54  Lair  
  29  3:02  Drone x2  
  31  3:07  Overlord x2  
  31  3:09  Zergling x4  
  33  3:22  Drone x2  
  33  3:25  Zergling x8  
  39  3:42  Drone x2  
  39  3:45  Drone  
  42  3:49  Metabolic Boost  
  42  3:52  Drone  
  43  3:58  Extractor  
  43  4:01  Drone x2  
  44  4:09  Roach Warren  
  43  4:11  Zergling x2  
  43  4:12  Zergling x4  
  46  4:30  Zergling x2  
  46  4:31  Zergling x2  
  48  4:32  Drone  
  48  4:33  Drone x3  
  52  4:50  Roach  
  52  4:51  Glial Reconstitution  
  54  4:55  Drone  
  55  5:01  Roach x2  
  55  5:04  Overlord x3  
  59  5:07  Overlord x2  
  59  5:17  Evolution Chamber  
  58  5:35  Overlord  
  58  5:36  Overlord  
  58  5:37  Drone  
  63  5:42  Roach  
  63  5:43  Roach x2  
  63  5:45  Zerg Missile Weapons Level 1  
  65  6:13  Roach x2  
  65  6:14  Roach x2  
  65  6:16  Roach x3  
  77  7:40  Zerg Melee Weapons Level 1  
  77  7:45  Roach x4  
  85  7:52  Roach x3  
  81  11:40  Hatchery  
  65  12:34  Queen  
  65  12:37  Roach x6  
  58  14:22  Roach x3  
  59  15:00  Spire  
Show
View Real Time Build Order
Export as new Build Order

couchman Terran 

Build Orders: Command Center First (CC) 

Get SALT Encoding   

  12  0:00  SCV  
  13  0:12  SCV  
  14  0:21  Supply Depot  
  14  0:25  SCV  
  15  0:42  SCV  
  16  0:48  Refinery  
  16  0:54  SCV  
  17  1:06  SCV  
  18  1:16  Command Center  
  18  1:18  SCV  
  19  1:31  SCV, Refinery  
  20  1:43  SCV  
  21  1:56  SCV  
  22  2:09  SCV  
  23  2:16  Command Center  
  23  2:27  SCV  
  24  2:34  Supply Depot  
  24  2:39  SCV  
  25  2:49  SCV  
  26  2:54  SCV  
  26  2:57  Supply Depot  
  27  3:01  SCV  
  28  3:06  SCV  
  29  3:13  SCV  
  29  3:18  SCV  
  31  3:21  Barracks  
  31  3:25  SCV  
  32  3:30  SCV  
  32  3:32  SCV  
  34  3:37  SCV  
  35  3:42  SCV  
  35  3:43  Engineering Bay  
  35  3:44  SCV  
  37  3:49  SCV  
  38  3:56  SCV  
  38  4:01  Refinery, Command Center  
  38  4:02  SCV  
  40  4:08  Barracks Tech Lab, SCV  
  41  4:10  Barracks  
  41  4:11  Terran Infantry Weapons Level 1  
  41  4:14  SCV  
  42  4:19  Factory  
  42  4:21  SCV  
  42  4:22  SCV  
  44  4:27  Refinery  
  44  4:29  Refinery  
  44  4:30  SCV  
  45  4:33  SCV  
  45  4:35  SCV  
  47  4:39  Combat Shield  
  47  4:42  SCV  
  48  4:45  SCV  
  48  4:47  SCV  
  50  4:54  SCV  
  50  4:58  SCV  
  52  5:01  SCV  
  52  5:06  SCV  
  54  5:10  SCV  
  54  5:13  SCV  
  56  5:18  SCV, Factory Tech Lab  
  57  5:22  SCV  
  57  5:25  Starport  
  57  5:26  SCV  
  57  5:28  Barracks Reactor, Armory  
  59  5:30  SCV  
  59  5:34  SCV  
  61  5:38  SCV  
  62  5:43  SCV  
  62  5:46  SCV  
  64  5:50  SCV  
  64  5:55  SCV  
  64  5:56  Marine  
  67  5:57  Command Center  
  67  5:58  SCV  
  68  6:08  SCV  
  68  6:10  SCV  
  70  6:13  Starport Tech Lab, Fusion Core  
  70  6:14  Marine  
  70  6:16  Barracks  
  71  6:20  SCV  
  72  6:26  Marine  
  72  6:27  Marine  
  72  6:28  SCV  
  72  6:32  Marine, SCV  
  64  6:41  SCV  
  64  6:44  Marine x2, SCV  
  64  6:50  Marine  
  64  6:53  SCV  
  44  6:56  SCV  
  40  7:02  Marine x2  
  40  7:04  Starport  
  40  7:05  SCV  
  25  7:08  SCV  
  25  7:10  Hellion  
  25  7:15  Barracks  
  26  7:17  SCV  
  26  7:19  Barracks  
  26  7:20  SCV  
  24  7:31  SCV  
  24  7:32  SCV  
  26  7:41  Battlecruiser  
  26  7:43  SCV  
  31  7:44  SCV  
  31  7:46  SCV  
  33  7:55  SCV  
  33  7:56  SCV  
  35  7:59  Engineering Bay, SCV  
  36  8:07  SCV  
  31  8:13  Bunker  
  31  8:14  Marine  
  31  8:18  Barracks Reactor  
  31  8:19  SCV  
  26  8:31  SCV  
  15  8:36  SCV  
  20  8:49  SCV  
  21  9:01  SCV  
  20  9:13  SCV  
  21  9:25  SCV  
  22  9:37  SCV  
  17  9:49  SCV  
  18  10:10  SCV, Refinery  
  19  10:22  Supply Depot, SCV  
  20  10:34  SCV  
  21  10:46  SCV  
  22  10:53  Refinery  
  22  10:58  SCV  
  22  10:59  Supply Depot  
  23  11:04  Barracks  
  23  11:09  SCV  
  23  11:10  SCV  
  25  11:21  SCV  
  25  11:22  Supply Depot, SCV  
  27  11:33  SCV  
  27  11:34  SCV  
  29  11:47  SCV  
  22  11:59  SCV  
  23  12:06  Marine  
  23  12:12  Bunker  
  23  12:13  Bunker  
  23  12:15  SCV  
  24  12:24  Marine  
  24  12:27  Command Center  
  24  12:28  SCV  
  26  12:40  SCV  
  26  12:42  Marine  
  28  12:48  Barracks  
  28  12:54  Factory  
  28  12:59  Marine  
  26  13:17  Marine  
  9  13:35  Marine  
  8  13:50  SCV  
  10  14:02  SCV  
  9  14:14  SCV  
  9  14:26  SCV  
  10  14:38  SCV  
  11  14:50  SCV  
Tags
 
Add a new tag
Caveats
  • Supply blocks, unpowered buildings, or Contaminate may cause inaccurate times.
  • Supply counts are checked every 10 seconds.